 Dungeon Crawl Stone Soup version 0.24-a0-446-g87df7205b4 (webtiles) character file.

Game seed: 3507197898078097486

6082 drasked the Grappler (level 10, -2/102 HPs)
             Began as a Troll Monk on June 24, 2019.
             Was a Priest of Okawaru.
             Slain by Snorg (8 damage)
             ... on level 10 of the Dungeon.
             The game lasted 00:29:02 (8041 turns).

drasked the Grappler (Troll Monk)                   Turns: 8041, Time: 00:29:02

Health: -2/102     AC: 10    Str: 21    XL:     10   Next: 58%
Magic:  8/10       EV: 13    Int:  9    God:    Okawaru [***...]
Gold:   565        SH:  0    Dex: 12    Spells: 9/9 levels left

rFire    + . .     SeeInvis .     - Unarmed
rCold    . . .     Gourm    +   (no shield)
rNeg     . . .     Faith    .   m - +0 troll leather armour {regen}
rPois    .         Spirit   .   (helmet restricted)
rElec    .         Reflect  .   a - +0 cloak
rCorr    .         Harm     .   (gloves unavailable)
MR       .....                  (boots unavailable)
Stlth    +++.......             (no amulet)
HPRegen  1.07/turn              F - ring of protection from fire
MPRegen  0.12/turn              r - +4 ring of slaying

@: about to teleport, heroism
A: large, unfitting armour, claws 3, fast metabolism 3, gourmand, regeneration
1, shaggy fur 1, tough skin 3
a: Heroism, Renounce Religion


You were on level 10 of the Dungeon.
You worshipped Okawaru.
Okawaru was most pleased with you.
You were very full.

You visited 2 branches of the dungeon, and saw 11 of its levels.
You also visited: Sewer.

You collected 565 gold pieces.

Inventory:

Missiles
 p - 24 poisoned darts (quivered)
 Q - 213 stones
Armour
 a - a +0 cloak (worn)
 h - a +2 robe of the Archmagi
 m - a +0 troll leather armour (worn) {regen}
Jewellery
 r - a +4 ring of slaying (right claw)
 F - a ring of protection from fire (left claw)
 H - an uncursed amulet of regeneration {unknown}
Wands
 k - a wand of paralysis (3)
 n - a wand of disintegration (17)
 D - a wand of digging (4)
Scrolls
 b - a scroll of brand weapon {unknown}
 d - a scroll of enchant weapon
 f - a scroll of fog
 i - a scroll of identify
 s - a scroll of blinking {unknown}
 t - 4 scrolls of teleportation
 v - 2 scrolls of enchant armour {unknown}
 w - 2 scrolls of remove curse
 y - a scroll of immolation {!r}
 A - a scroll of summoning {unknown}
 C - a scroll of vulnerability {unknown}
Potions
 c - a potion of agility {unknown}
 g - a potion of magic {unknown}
 j - 3 potions of mutation {!q}
 l - a potion of heal wounds
 o - 4 potions of brilliance
 q - 6 potions of curing
 u - a potion of degeneration {unknown}
 x - a potion of invisibility {unknown}
 z - 2 potions of lignification {unknown}
 G - a potion of berserk rage {unknown}
Comestibles
 e - 18 rations
 E - 3 chunks of flesh


   Skills:
 + Level 7.0(12.0) Fighting
 + Level 7.0(12.0) Throwing
 + Level 2.0(7.0) Armour
 - Level 2.4(7.4) Dodging
 - Level 1.0(6.0) Stealth
 * Level 11.3(16.3) Unarmed Combat
 + Level 2.0 Invocations


You had 9 spell levels left.
You didn't know any spells.
Your spell library contained the following spells:

 Spells                   Type           Power        Failure   Level  Hunger
 Beastly Appendage        Tmut           #.....       43%         1    ##.....
 Summon Small Mammal      Summ           #...         43%         1    ##.....
 Call Imp                 Summ           #.......     56%         2    ###....
 Sticks to Snakes         Tmut           #.......     56%         2    ###....
 Call Canine Familiar     Summ           #.......     80%         3    ####...
 Spider Form              Tmut/Pois      #.........   80%         3    ####...
 Summon Guardian Golem    Hex/Summ       #.......     80%         3    ####...
 Ice Form                 Ice/Tmut       #.......     99%         4    #####..
 Summon Ice Beast         Ice/Summ       #.......     99%         4    #####..
 Summon Lightning Spire   Summ/Air       #.......     99%         4    #####..
 Blade Hands              Tmut           #.........   100%        5    ######.


Dungeon Overview and Level Annotations

Branches:
Dungeon (11/15)            Temple (1/1) D:4
   Lair: D:8-11         Orc: D:9-12

Altars:
Ashenzari
Cheibriados
Dithmenos
Elyvilon
Fedhas
Gozag
Hepliaklqana
Nemelex Xobeh
Okawaru
Qazlal
Ru
Sif Muna
Trog
Uskayaw
Vehumet
Wu Jian
Xom
Yredelemnul
Zin
The Shining One

Annotations:
D:10 Snorg


Innate Abilities, Weirdness & Mutations

You are too large for most types of armour.
You have claws for hands.
Your metabolism is lightning-fast.
You like to eat raw meat.
Your natural rate of healing is unusually fast.
You are covered in fur. (AC +1)
You have extremely tough skin. (AC +3)


Message History

The hound completely misses you. Snorg bites you.
* * * LOW HITPOINT WARNING * * *
Snorg claws you!
* * * LOW HITPOINT WARNING * * *
Snorg claws you but does no damage.
The bullfrog hits you but does no damage.
You feel much better. The hound bites you but does no damage.
Snorg bites you but does no damage. Snorg claws you!
* * * LOW HITPOINT WARNING * * *
Snorg closely misses you.
The bullfrog hits you but does no damage.
The hound bites you.
* * * LOW HITPOINT WARNING * * *
You mangle the bullfrog!!
You kill the bullfrog!
Your base Armour skill increases to level 2!
Snorg looks more healthy.
Snorg closely misses you. Snorg claws you!
* * * LOW HITPOINT WARNING * * *
Snorg claws you!
You die...

.................#
.................#
#####..########..#
#####..# #..#
.......########..#
.................#
######..(.(.....Y#
######..########T#
........# #@#
...............ch#
#...........>....#
#.##############.#
# $.W .#. . . ..
.#


You could see Snorg (berserk), a phantom, a sky beast, a centaur and a hound.

Levels and vault maps discovered:
D:1:      minmay_arrival_radiant_lines, layout_basic, tso_altar
D:2:      layout_loops_ring, old_standard_altar, marbit_many_paths
D:3:      layout_basic, solitary_fountain, nicolae_underground_beach,
          uniq_natasha, uniq_grinder
D:4:      layout_basic, xom_teletrap_fun, lemuel_doored_altar,
          minmay_temple_entry_poolview, first_ration, portal_sewer_entry_d,
          uniq_duvessa, uniq_pikel
D:5:      layout_rooms, nicolae_qazlal_general_emergency
D:6:      layout_basic, ashenzari_conservatory_becter
D:7:      kennysheep_six_static_rooms, layout_rooms, okawaru_ov_weapons_minmay,
          the_bakery, grunt_ministairs_3, uniq_joseph
D:8:      layout_loops_cross, kiku_gazebo_garden_becter
D:10:     layout_long_grid, serial_shops, kennysheep_mini_moat, enter_trove_0,
          st_stairs_2, serial_bayou_pond_b, chequers_serial_rivers_small_b,
          uniq_maurice, uniq_psyche, uniq_snorg
D:11:     layout_rooms
Temple:   nicolae_temple_figure_eight

Notes
Turn   | Place    | Note
-------+----------+-------------------------------------------
     0 | D:1      | drasked the Troll Monk began the quest for the Orb.
     0 | D:1      | Reached XP level 1. HP: 22/22 MP: 0/0
     0 | D:1      | Identified a +0 whip
     9 | D:1      | Identified a +0 short sword
    12 | D:1      | Identified a +0 club
    51 | D:1      | Identified a +0 dagger
    56 | D:1      | Reached XP level 2. HP: 29/29 MP: 1/1
    62 | D:1      | Identified a cursed +0 club
   219 | D:1      | Found a glowing golden altar of the Shining One.
   448 | D:1      | Identified a +0 club
   498 | D:1      | Identified a +0 club
   655 | D:1      | Identified a +0 club
   661 | D:1      | Reached skill level 1 in Throwing
   691 | D:1      | Reached XP level 3. HP: 36/36 MP: 2/2
   706 | D:1      | Identified a +0 club
   709 | D:1      | Identified a +0 dagger
  1155 | D:2      | Identified a +0 dagger
  1396 | D:2      | Found a white marble altar of Elyvilon.
  1414 | D:2      | Identified a +0 club
  1478 | D:2      | Reached skill level 4 in Unarmed Combat
  1680 | D:2      | Identified a +0 dagger
  1693 | D:2      | Found a deep blue altar of Sif Muna.
  1772 | D:3      | Identified a +0 club
  1834 | D:3      | Reached XP level 4. HP: 37/44 MP: 3/3
  2008 | D:3      | Identified a +0 club
  2025 | D:3      | Reached skill level 3 in Fighting
  2149 | D:3      | Noticed Grinder
  2152 | D:3      | Identified 6 scrolls of noise
  2154 | D:3      | Identified a +0 short sword
  2154 | D:3      | Identified a +0 ring mail
  2156 | D:3      | Identified a +0 short sword
  2163 | D:3      | Killed Grinder
  2163 | D:3      | Reached skill level 2 in Throwing
  2163 | D:3      | Reached skill level 5 in Unarmed Combat
  2163 | D:3      | Reached XP level 5. HP: 33/53 MP: 4/4
  2163 | D:3      | Reached XP level 6. HP: 38/61 MP: 5/5
  2327 | D:3      | Noticed Natasha
  2720 | D:3      | Identified a +0 short sword
  2721 | D:3      | Identified a +0 dagger
  2721 | D:3      | Identified a +0 scale mail
  2779 | D:3      | Killed Natasha
  3048 | D:3      | Identified a ring of protection from fire (You found it on
                  | level 2 of the Dungeon)
  3049 | D:3      | Identified a ring of slaying (You found it on level 3 of
                  | the Dungeon)
  3050 | D:3      | Identified 2 scrolls of enchant weapon
  3051 | D:3      | Identified 2 scrolls of remove curse
  3052 | D:3      | Identified 2 scrolls of identify
  3052 | D:3      | Identified 3 potions of heal wounds
  3112 | D:3      | Noticed Natasha
  3118 | D:3      | Killed Natasha
  3155 | D:4      | Identified a scroll of immolation
  3156 | D:4      | Identified a scroll of amnesia
  3157 | D:4      | Identified a scroll of teleportation
  3158 | D:4      | Identified a scroll of random uselessness
  3179 | D:4      | Found a staircase to the Ecumenical Temple.
  3191 | Temple   | Entered the Ecumenical Temple
  3605 | D:4      | Identified a +0 scimitar
  3605 | D:4      | Identified a +0 leather armour
  3672 | D:4      | Found a shimmering altar of Xom.
  3687 | D:4      | Noticed a slave
  3688 | D:4      | Identified a +1 whip of freezing
  3688 | D:4      | Identified a +0 robe
  3688 | D:4      | Noticed Pikel
  3834 | D:4      | Identified a +0 club
  3836 | D:4      | Identified a +0 mace
  3836 | D:4      | Identified a +0 leather armour
  3838 | D:4      | Reached skill level 3 in Throwing
  3838 | D:4      | Identified a +0 dagger
  3838 | D:4      | Identified a +0 robe
  3839 | D:4      | Identified a +0 dagger
  3839 | D:4      | Identified a +0 robe
  3839 | D:4      | Identified a +0 flail
  3842 | D:4      | Reached skill level 6 in Unarmed Combat
  3842 | D:4      | Reached XP level 7. HP: 67/68 MP: 6/6
  3858 | D:4      | Reached skill level 4 in Fighting
  3862 | D:4      | Found a glowing drain.
  3871 | Sewer    | Entered a sewer
  4453 | D:4      | Identified a +0 dagger
  4453 | D:4      | Identified a +0 robe
  4459 | D:4      | Identified a +0 whip
  4462 | D:4      | Identified a +0 dagger
  4462 | D:4      | Identified a +2 robe of the Archmagi
  4463 | D:4      | Identified a +0 mace
  4463 | D:4      | Identified a +0 ring mail
  4463 | D:4      | Identified a cursed -2 dagger
  4518 | D:4      | Identified a +0 dagger
  4518 | D:4      | Identified a +0 robe
  4518 | D:4      | Noticed Dowan
  4519 | D:4      | Identified a +0 short sword
  4519 | D:4      | Identified a +0 ring mail of poison resistance
  4519 | D:4      | Noticed Duvessa
  4530 | D:4      | Killed Dowan
  4628 | D:4      | Killed Duvessa
  4628 | D:4      | Reached skill level 4 in Throwing
  4628 | D:4      | Reached skill level 7 in Unarmed Combat
  4749 | D:4      | Found a hazy altar of Hepliaklqana.
  5191 | D:4      | Killed Pikel
  5191 | D:4      | Reached skill level 5 in Fighting
  5191 | D:4      | Reached skill level 8 in Unarmed Combat
  5191 | D:4      | Reached XP level 8. HP: 70/80 MP: 7/7
  5239 | D:4      | Identified a ring of strength (You found it on level 4 of
                  | the Dungeon)
  5243 | D:5      | Entered Level 5 of the Dungeon
  5314 | D:5      | Identified a +0 cloak (You found it on level 5 of the
                  | Dungeon)
  5423 | D:5      | Reached skill level 5 in Throwing
  5489 | D:5      | Found a stormy altar of Qazlal.
  5568 | D:5      | Identified a +0 hand axe
  5627 | D:5      | Identified a +0 whip
  5631 | D:5      | Identified a +0 whip
  5631 | D:5      | Identified a +0 club
  5631 | D:5      | Identified a +0 dagger
  5650 | D:5      | Reached XP level 9. HP: 70/88 MP: 8/8
  5864 | D:5      | Identified a scroll of fog
  5868 | D:6      | Found a shattered altar of Ashenzari.
  5894 | D:6      | Identified a +0 shortbow
  5904 | D:6      | Reached skill level 9 in Unarmed Combat
  5962 | D:6      | Identified a +0 short sword
  5962 | D:6      | Identified a +0 ring mail
  5963 | D:6      | Identified a +0 dagger
  5963 | D:6      | Identified a +0 robe
  5968 | D:6      | Identified a +0 dagger
  5968 | D:6      | Identified a +0 robe
  5971 | D:6      | Identified a +1 dagger of venom
  5971 | D:6      | Identified a +0 robe
  5971 | D:6      | Identified a +0 club
  5971 | D:6      | Identified a cursed +0 ring mail
  6185 | D:6      | Identified a +0 club
  6187 | D:6      | Identified a +0 flail
  6187 | D:6      | Identified a +0 leather armour
  6189 | D:6      | Identified a +0 leather armour
  6286 | D:6      | Identified a +0 dagger
  6286 | D:6      | Identified a +0 robe
  6287 | D:6      | Identified a +0 dagger
  6287 | D:6      | Identified a +0 robe
  6298 | D:6      | Identified a cursed -3 dagger
  6298 | D:6      | Identified a +0 robe
  6463 | D:6      | Identified a cursed -2 club
  6473 | D:6      | Identified a +0 flail
  6476 | D:6      | Identified a +0 whip
  6589 | D:7      | Identified a +0 quarterstaff of protection
  6589 | D:7      | Identified a +0 hunting sling
  6589 | D:7      | Identified a +0 leather armour
  6589 | D:7      | Noticed Joseph
  6599 | D:7      | Killed Joseph
  6599 | D:7      | Reached skill level 6 in Fighting
  6649 | D:7      | Identified a +0 glaive
  6649 | D:7      | Identified a cursed +0 chain mail
  6655 | D:7      | Reached skill level 6 in Throwing
  6684 | D:7      | Identified a +0 dagger
  6684 | D:7      | Identified a +0 robe
  6687 | D:7      | Reached skill level 10 in Unarmed Combat
  6689 | D:7      | Identified a +0 ring mail
  6689 | D:7      | Identified a +0 whip
  6689 | D:7      | Identified a +0 leather armour
  6689 | D:7      | Identified a +0 club
  6689 | D:7      | Identified a +0 short sword
  6689 | D:7      | Identified a +0 ring mail
  6689 | D:7      | Identified a +0 flail
  6691 | D:7      | Identified a +0 club
  6691 | D:7      | Identified a +0 flail
  6702 | D:7      | Identified a +0 club
  6702 | D:7      | Identified a +0 leather armour
  6747 | D:7      | Identified a +0 dagger
  6747 | D:7      | Identified a +0 robe
  6747 | D:7      | Identified a +0 trident
  6747 | D:7      | Identified a +0 leather armour
  6751 | D:7      | Identified a +0 flail
  6859 | D:7      | Identified a +0 war axe
  6861 | D:7      | Identified a +0 dagger
  6861 | D:7      | Identified a +0 robe
  6862 | D:7      | Identified a +0 mace
  6862 | D:7      | Identified a +0 robe
  6875 | D:7      | Identified a +0 dagger
  6875 | D:7      | Identified a +0 robe
  6885 | D:7      | Identified a +0 dagger
  6885 | D:7      | Identified a +0 leather armour
  6885 | D:7      | Identified a +0 scimitar
  6885 | D:7      | Identified a +0 plate armour
  6959 | D:7      | Identified a cursed -1 dagger
  6959 | D:7      | Identified a +0 robe
  7031 | D:7      | Noticed a troll
  7035 | D:7      | Killed a troll
  7035 | D:7      | Identified a +0 troll leather armour
  7074 | D:7      | Found an iron altar of Okawaru.
  7077 | D:7      | Identified a +0 dagger
  7077 | D:7      | Identified a +0 ring mail
  7078 | D:7      | Identified a +0 dagger
  7078 | D:7      | Identified a +0 robe
  7079 | D:7      | Identified a +0 club
  7079 | D:7      | Identified a +0 ring mail
  7094 | D:7      | Became a worshipper of Warmaster Okawaru
  7094 | D:7      | Reached * piety under Okawaru
  7094 | D:7      | Reached ** piety under Okawaru
  7162 | D:7      | Identified a +0 dagger
  7162 | D:7      | Identified a +0 robe
  7166 | D:7      | Reached XP level 10. HP: 97/100 MP: 9/9
  7323 | D:7      | Identified a +0 giant club
  7383 | D:7      | Identified a ring of teleportation (You found it on level 7
                  | of the Dungeon)
  7390 | D:7      | Identified 5 potions of curing
  7391 | D:7      | Identified 3 potions of brilliance
  7392 | D:7      | Identified 3 potions of mutation
  7398 | D:8      | Identified a +0 scimitar
  7398 | D:8      | Identified a +0 plate armour
  7399 | D:8      | Identified a cursed -3 dagger
  7399 | D:8      | Identified a +0 robe
  7400 | D:8      | Identified a +0 short sword
  7401 | D:8      | Identified a +0 dagger
  7401 | D:8      | Identified a +0 robe
  7410 | D:8      | Identified a +0 short sword
  7410 | D:8      | Identified a +0 ring mail
  7467 | D:8      | Identified a +0 short sword
  7467 | D:8      | Identified a +0 chain mail
  7467 | D:8      | Identified a +0 ring mail
  7470 | D:8      | Identified a +0 short sword of freezing
  7471 | D:8      | Identified a +0 war axe
  7542 | D:8      | Identified a +0 whip
  7546 | D:8      | Identified a +0 short sword
  7547 | D:8      | Identified a +0 leather armour
  7548 | D:8      | Identified a +0 short sword
  7581 | D:8      | Identified a +0 whip
  7608 | D:8      | Reached *** piety under Okawaru
  7608 | D:8      | Reached skill level 1 in Armour
  7608 | D:8      | Reached skill level 1 in Invocations
  7619 | D:8      | Reached skill level 11 in Unarmed Combat
  7682 | D:8      | Identified a +0 club
  7697 | D:8      | Identified a +0 giant club
  7712 | D:8      | Identified a +0 dagger
  7712 | D:8      | Identified a +0 ring mail
  7713 | D:8      | Identified a cursed +0 dagger
  7717 | D:8      | Identified a cursed -2 hand axe
  7717 | D:8      | Identified a +0 leather armour
  7720 | D:8      | Identified a +0 dagger
  7720 | D:8      | Identified a +0 robe
  7780 | D:8      | Identified a +0 shortbow
  7780 | D:8      | Identified a +0 robe
  7924 | D:8      | You fall into a shaft and drop 3 floors!
  7924 | D:11     | Identified a +0 shortbow
  7925 | D:11     | Identified a +0 shortbow
  7925 | D:11     | Identified a +0 shortbow
  7926 | D:11     | Identified a +0 shortbow
  7934 | D:11     | Reached skill level 7 in Throwing
  7955 | D:10     | Entered Level 10 of the Dungeon
  7957 | D:10     | Identified a +0 dagger
  7963 | D:10     | Reached skill level 7 in Fighting
  7971 | D:10     | Reached skill level 2 in Invocations
  8013 | D:10     | Noticed Snorg
  8035 | D:10     | Identified a +1 shortbow of flaming
  8037 | D:10     | HP: 15/102 [Snorg (11)]
  8041 | D:10     | Reached skill level 2 in Armour
  8041 | D:10     | HP: 6/102 [Snorg (16)]
  8041 | D:10     | Slain by Snorg

Table legend:
 A = Turns spent in this place as a percentage of turns spent in the entire game.
 B = Non-inter-level travel turns spent in this place as a percentage of non-inter-level travel turns spent in the entire game.
 C = Inter-level travel turns spent in this place as a percentage of turns spent in this place.
 D = Turns resting spent in this place as a percentage of non-inter-level travel turns spent in this place.
 E = Turns spent auto-exploring this place as a percentage of non-inter-level travel turns spent in this place.
 F = Non-inter-level travel turns spent in this place divided by the number of levels of this place that you've seen.
                   A       B       C       D       E      F
               +-------+-------+-------+-------+-------+----------------------
         Total | 100.0 | 100.0 |   1.7 |   6.5 |  62.2 | 658.4
       Dungeon |  90.8 |  90.9 |   1.6 |   7.2 |  61.0 | 718.2
        Temple |   2.7 |   2.4 |  11.1 |   0.0 |  98.4 | 192.0
         Sewer |   6.6 |   6.7 |   0.0 |   0.0 |  65.1 | 527.0
               +-------+-------+-------+-------+-------+----------------------

Table legend:
 A = Kills in this place as a percentage of kills in entire the game.
 B = Kills by you in this place as a percentage of kills by you in the entire game.
 C = Kills by friends in this place as a percentage of kills by friends in the entire game.
 D = Other kills in this place as a percentage of other kills in the entire game.
 E = Experience gained in this place as a percentage of experience gained in the entire game.
 F = Experience gained in this place divided by the number of levels of this place that you have seen.
                   A       B       C       D       E      F
               +-------+-------+-------+-------+-------+----------------------
         Total | 100.0 | 100.0 |   N/A |   N/A | 100.0 | 724.1
       Dungeon |  83.3 |  83.3 |   N/A |   N/A |  97.1 | 843.4
         Sewer |  16.7 |  16.7 |   N/A |   N/A |   2.9 | 255.0
               +-------+-------+-------+-------+-------+----------------------

Skill      XL: |  1  2  3  4  5  6  7  8  9 10 |
---------------+-------------------------------+-----
Throwing       | 1 2 3 4 5 6 7 |  7.0
Unarmed Combat | 4 5 6 8 10 11 | 11.3
Fighting       | 3 5 6 7 |  7.0
Armour         | 2 |  2.0
Invocations    | 2 |  2.0
Dodging        | |  2.4
Stealth        | |  1.0

Action                   |  1- 3 |  4- 6 |  7- 9 | 10-12 || total
-------------------------+-------+-------+-------+-------++-------
Melee: Unarmed           |   107 |    84 |   202 |   103 ||   496
       Punch             |     3 |     3 |     8 |     3 ||    17
Throw: Stone             |   141 |    69 |   212 |    73 ||   495
       Dart              |       |       |    14 |     4 ||    18
       Boomerang         |       |       |    89 |    15 ||   104
Invok: Heroism           |       |       |       |     1 ||     1
Evoke: Wand              |       |     1 |     1 |     2 ||     4
  Use: Scroll            |       |    11 |     1 |     5 ||    17
       Potion            |       |       |       |     2 ||     2
 Stab: Paralysed         |       |     7 |     2 |       ||     9
       Sleeping          |       |       |     2 |       ||     2
  Eat: Chunk             |    22 |    12 |    38 |    13 ||    85
Armor: Robe              |    39 |    29 |    59 |       ||   127
       Troll leather arm |       |       |     2 |    52 ||    54
Dodge: Dodged            |    54 |    19 |    78 |    74 ||   225

Vanquished Creatures
  Pikel (D:4)
  Joseph (D:7)
  A troll (D:7)
  2 hippogriffs (D:8)
  Grinder (D:3)
  A spriggan (D:7)
  A hungry ghost (D:10)
  A water moccasin (D:8)
  Duvessa (D:4)
  4 orc warriors
  4 ice beasts
  A sky beast (D:8)
  2 phantoms
  2 ogres
  6 centaurs
  3 big kobolds
  7 bullfrogs
  A scorpion (D:7)
  Dowan (D:4)
  2 crimson imps
  2 hounds
  2 jellies
  20 orc wizards
  7 orc priests
  A gnoll shaman (D:7)
  An iguana (D:4)
  Natasha (twice) (D:3)
  5 worker ants
  2 killer bee zombies (D:6)
  2 worker ant zombies
  9 gnolls
  A howler monkey skeleton (D:5)
  9 adders
  A shadow imp (D:5)
  7 oozes (Sewer)
  An adder skeleton (D:6)
  4 worms
  A dart slug (D:2)
  15 leopard geckos
  30 orcs
  12 giant cockroaches
  7 goblins
  9 hobgoblins
  20 jackals
  24 kobolds
  2 quokkas
  11 ball pythons
  A ball python skeleton (D:3)
  10 bats
  12 frilled lizards
  A leopard gecko zombie (D:5)
  7 rats
281 creatures vanquished.
